 Dungeon Crawl Stone Soup version 0.20-a0-837-g0f21a4d (webtiles) character file.

376 M4edhros the Zephyrmancer (level 6, -10/32 HPs)
             Began as a Tengu Air Elementalist on Mar 8, 2017.
             Was a Follower of Qazlal.
             Mangled by an iguana (12 damage)
             ... on level 4 of the Dungeon.
             The game lasted 00:06:56 (3821 turns).

M4edhros the Zephyrmancer (Tengu Air Elementalist)  Turns: 3821, Time: 00:06:57

Health: -10/32     AC:  6    Str: 14    XL:     6   Next: 73%
Magic:  6/10       EV: 13    Int: 15    God:    Qazlal [*.....]
Gold:   225        SH:  1    Dex: 23    Spells: 8/9 levels left

rFire    + . .     SeeInvis .   (no weapon)
rCold    + . .     Gourm    .   o - +3 leather armour {rF+}
rNeg     + . .     Faith    .   (no shield)
rPois    .         Spirit   .   (helmet restricted)
rElec    .         Reflect  .   (no cloak)
rCorr    .         Harm     .   (no gloves)
MR       .....                  (boots unavailable)
Stlth    ++........             (no amulet)
Regen    0.1/turn               (no ring)
MPRegen  0.2/turn               v - ring "Ymel" {rC+ rN+ Str+5 Dex+7 Slay-4}

@: no status effects
A: beak, talons 3, able to fly 1
a: Fly, Renounce Religion


You were on level 4 of the Dungeon.
You worshipped Qazlal.
Qazlal was aware of your devotion.
You were not hungry.

You visited 1 branch of the dungeon, and saw 4 of its levels.

You collected 225 gold pieces.

Inventory:

Hand Weapons
 p - a +0 blowgun
 s - a +0 hunting sling
Missiles
 q - 59 poisoned needles
 r - 55 sling bullets
 t - 187 stones (quivered)
Armour
 a - a +0 robe
 o - a +3 leather armour of fire resistance (worn)
Jewellery
 v - the ring "Ymel" (left hand) {rC+ rN+ Str+5 Dex+7 Slay-4}
   (You found it on level 4 of the Dungeon)

   [ring of strength]

   It affects your strength (+5).
   It affects your dexterity (+7).
   It affects your accuracy and damage with ranged weapons and melee attacks
   (-4).
   It protects you from cold.
   It protects you from negative energy.
Scrolls
 d - 2 scrolls of fear
 e - 2 scrolls of identify
 g - 2 scrolls of remove curse {unknown}
 h - 3 scrolls of teleportation
 i - 2 scrolls of recharging {unknown}
 j - 2 scrolls of immolation {unknown}
 k - a scroll of fog {unknown}
 l - a scroll of blinking {unknown}
 m - 2 scrolls of enchant weapon {unknown}
 n - 3 scrolls of magic mapping {unknown}
 w - a scroll of amnesia {unknown}
Potions
 u - a potion of brilliance
 x - a potion of agility {unknown}
Books
 b - a book of Air

   Spells                             Type                      Level
   a - Shock                          Conjuration/Air              1
   b - Swiftness                      Charms/Air                   2
   c - Static Discharge               Conjuration/Air              3
   d - Airstrike                      Air                          4
   e - Lightning Bolt                 Conjuration/Air              5
Comestibles
 c - 3 bread rations
 f - a meat ration


   Skills:
 - Level 2.1 Dodging
 - Level 2.0 Stealth
 - Level 2.0 Spellcasting
 - Level 1.3 Conjurations
 + Level 9.6 Air Magic


You had 8 spell levels left.
You knew the following spells:

 Your Spells              Type           Power        Failure   Level  Hunger
a - Shock                 Conj/Air       ###.         2%          1    #......


Dungeon Overview and Level Annotations

Branches:
Dungeon (4/15)             Temple (0/1) D:4

Altars:
Okawaru
Qazlal
The Shining One

Annotations:
D:3 Abuh's ghost, amateur MiBe
D:4 Grinder


Innate Abilities, Weirdness & Mutations

You have a beak for a mouth.
You have claws for feet.
You can fly.


Message History

Confirm with . or Enter, or press ? or * to list all spells.
Aiming: Shock
Press: ? - help, Shift-Dir - straight line, p - iguana The zap hits the iguana.
The iguana is moderately wounded.
The zap hits the iguana.
The iguana is moderately wounded.
The iguana bites you!
* * * LOW HITPOINT WARNING * * *
Okay, then.
Casting: Shock
Confirm with . or Enter, or press ? or * to list all spells.
Aiming: Shock
Press: ? - help, Shift-Dir - straight line The zap hits the iguana.
The iguana is severely wounded.
The zap hits the iguana.
The iguana is almost dead.
The iguana bites you!
You die...

#...#############
#.... # #... #
##'### ##
##....######### #.
#.............###.
#..(........#..##.
#....#......#.....
#@l..#......#.....
#....#......#..###
#....#.........###
#....#.........##.
#....#......#...#.
###'##......#...+.
#....# ... #.. #.
#†...# #..#..
#....#......#...##


You could see an iguana.

Vanquished Creatures
  An ogre (D:4)
  The ghost of M4edhros the Gusty, an amateur TeAE (D:4)
  An orc priest (D:4)
  A centaur skeleton (D:4)
  A bullfrog skeleton (D:4)
  2 worker ants (D:4)
  An adder (D:4)
  A white imp (D:4)
  An ooze (D:4)
  2 worms
  2 leopard geckos
  4 orcs (D:4)
  3 ball pythons
  2 giant cockroaches
  5 goblins
  6 hobgoblins
  3 jackals (D:4)
  6 kobolds
  5 bats
  6 frilled lizards
  A goblin skeleton (D:4)
  A goblin zombie (D:4)
  2 hobgoblin zombies (D:4)
  A kobold zombie (D:4)
  2 orc skeletons (D:4)
  9 rats
  A fungus (D:1)
71 creatures vanquished.

Vanquished Creatures (others)
  A goblin (D:2)
1 creature vanquished.

Grand Total: 72 creatures vanquished

Notes
Turn   | Place    | Note
-------+----------+-------------------------------------------
     0 | D:1      | M4edhros the Tengu Air Elementalist began the quest for the Orb.
     0 | D:1      | Reached XP level 1. HP: 10/10 MP: 4/4
   261 | D:1      | Reached XP level 2. HP: 14/15 MP: 0/6
   533 | D:2      | Reached skill level 5 in Air Magic
   840 | D:3      | Reached XP level 3. HP: 19/19 MP: 4/7
   925 | D:3      | Noticed Abuh's ghost (amateur MiBe)
  1330 | D:2      | Found a stormy altar of Qazlal.
  1340 | D:2      | Became a worshipper of Qazlal Stormbringer
  2092 | D:2      | Reached skill level 6 in Air Magic
  2292 | D:4      | Found an iron altar of Okawaru.
  2325 | D:4      | Reached XP level 4. HP: 24/24 MP: 0/8
  2360 | D:4      | Found a staircase to the Ecumenical Temple.
  2457 | D:4      | Reached skill level 7 in Air Magic
  2457 | D:4      | Gained mutation: You can fly. [Tengu growth]
  2457 | D:4      | Reached XP level 5. HP: 28/28 MP: 3/9
  2567 | D:4      | Reached * piety under Qazlal
  2587 | D:4      | HP: 1/28 [white imp/puff of frost (11)]
  2903 | D:4      | Noticed Grinder
  3147 | D:4      | Got a vibrating lead ring
  3172 | D:4      | Identified the ring "Ymel" {rC+ rN+ Str+5 Dex+7 Slay-4} (You found it on level 4 of the Dungeon)
  3179 | D:4      | Found a glowing golden altar of the Shining One.
  3191 | D:4      | Noticed M4edhros's ghost (amateur TeAE)
  3259 | D:4      | Reached skill level 8 in Air Magic
  3554 | D:4      | Noticed an ogre
  3576 | D:4      | Killed an ogre
  3576 | D:4      | Reached XP level 6. HP: 21/32 MP: 4/10
  3579 | D:4      | Reached skill level 9 in Air Magic
  3653 | D:4      | Killed M4edhros's ghost
  3821 | D:4      | Mangled by an iguana

Vault maps used:
D:1:      dpeg_arrival_round_c, minmay_gold_behind_fungi
D:2:      nicolae_qazlal_eye_of_the_storm
D:3:      lemuel_coloured_pillars_altar, minivault_26, minmay_misc_feat_tower,
          uniq_iyjb
D:4:      lemuel_zombie_altar_yredelemnul, lemuel_crystal_altar,
          minmay_temple_entry_purple_smoke, first_bread,
          nicolae_tso_besieged_by_evil, uniq_grinder

Skill      XL: |  1  2  3  4  5  6 |
---------------+-------------------+-----
Air Magic      | 5 6 7 8 9 |  9.6
Dodging        | |  2.1
Stealth        | |  2.0
Spellcasting   | |  2.0
Conjurations   | |  1.3

Action                   |  1- 3 |  4- 6 || total
-------------------------+-------+-------++-------
Melee: Unarmed           |    54 |    30 ||    84
       Kick              |    13 |    12 ||    25
       Peck              |     8 |     4 ||    12
 Cast: Shock             |    89 |    82 ||   171
  Use: Potion            |     2 |       ||     2
       Scroll            |       |     3 ||     3
  Eat: Chunk             |     4 |     6 ||    10
       Royal jelly       |     1 |       ||     1
Armor: Robe              |     6 |       ||     6
       Leather armour    |    16 |    19 ||    35
Dodge: Dodged            |    69 |    37 ||   106
Block: Other             |       |     1 ||     1
